 Dungeon Crawl Stone Soup version 0.29-a0-914-g906f1d757c (webtiles) character file.

Game seed: 8022567179589631002

44347 Flugkiller the Gelid (level 13, -8/58 HPs)
             Began as a Felid Wanderer on July 25, 2022.
             Was the Champion of Ashenzari.
             Mangled by a demonic crawler (13 damage)
             ... on level 2 of the Spider Nest.
             The game lasted 01:23:11 (49215 turns).

Flugkiller the Gelid (Felid Wanderer)              Turns: 49215, Time: 01:23:12

Health: -8/58      AC:  3    Str: 11    XL:     13   Next: 95%
Magic:  6/30       EV: 26    Int: 13    God:    Ashenzari [******]
Gold:   1726       SH:  0    Dex: 22    Spells: 9/36 levels left
                                        Lives:  0   Deaths: 3

rFire   x . .      SeeInvis +     - Unarmed
rCold   + + .      Faith    .   (shield unavailable)
rNeg    + . .      Spirit   .   (body armour unavailable)
rPois   .          Reflect  .   (helmet unavailable)
rElec   .          Harm     .   (cloak unavailable)
rCorr   .          Rampage  .   (gloves unavailable)
Will    +....      Clarity  +   (boots unavailable)
Stlth   ++++......              j - amulet of the Omniscient Heavens {Acrobat, Elem, Alch} (curse)
HPRegen 0.19/turn               A - ring of the Distant Sage {rN+, Evo, Elem} (curse)
MPRegen 0.22/turn               K - ring of Ashenzari's Dogma {Ice Dex+4 SInv, Melee, Comp} (curse)

@: unable to drink, quick
A: very small, claws 1, fangs 3, see invisible, speed 1, shaggy fur 3, stealthy
paws, no weapons or thrown items, no armour, multi-lived
a: Renounce Religion, Shatter the Chains


You were on level 2 of the Spider Nest.
You worshipped Ashenzari.
Ashenzari was exalted by your worship.
You visited 5 branches of the dungeon, and saw 24 of its levels.
You also visited: Ossuary, Gauntlet, Ice Cave and Volcano.

You collected 2521 gold pieces.
You spent 795 gold pieces at shops.

Inventory:

Jewellery
 j - the cursed amulet of the Omniscient Heavens (around neck) {Acrobat, Elem, Alch}
   (You found it on level 2 of the Dungeon)

   [amulet of the acrobat]

   It increases your evasion while moving and waiting.
   It has a curse which improves the following skills: Elements: Fire Magic, Ice
   Magic, Air Magic and Earth Magic.
   Alchemy:   Poison Magic and Transmutations.
 p - a ring of protection from cold
   (You found it on level 14 of the Dungeon)
 v - an amulet of reflection
   (You found it on level 7 of the Dungeon)
 A - the cursed ring of the Distant Sage (left paw) {rN+, Evo, Elem}
   (You found it on level 3 of the Dungeon)

   [ring of positive energy]

   rN:        It protects you from negative energy.
   It has a curse which improves the following skills: Evocations: Evocations.
   Elements:  Fire Magic, Ice Magic, Air Magic and Earth Magic.
 F - an amulet of regeneration
   (You found it on level 3 of the Lair of Beasts)
 K - the cursed ring of Ashenzari's Dogma (right paw) {Ice Dex+4 SInv, Melee, Comp}
   (You found it on level 5 of the Lair of Beasts)

   [ring of ice]

   It enhances your ice magic.
   Dex:       It affects your dexterity (+4).
   rF:        It makes you vulnerable to fire.
   rC:        It protects you from cold.
   SInv:      It lets you see invisible.
   It has a curse which improves the following skills: Melee Combat: Unarmed
   Combat.
   Companions: Summonings and Necromancy.
Wands
 m - a wand of charming (29)
   (You found it on level 7 of the Dungeon)
 r - a wand of roots (6)
   (You found it on level 9 of the Dungeon)
 y - a wand of mindburst (7)
   (You found it on level 10 of the Dungeon)
 E - a wand of flame (25)
   (You found it on level 2 of the Lair of Beasts)
 P - a wand of digging (4)
   (You found it on level 2 of the Spider Nest)
Scrolls
 c - 4 scrolls of butterflies
 g - 4 scrolls of amnesia
 i - 4 scrolls of silence
 k - 3 scrolls of magic mapping
 l - 4 scrolls of immolation
 s - 6 scrolls of poison
 t - 5 scrolls of teleportation
 u - 2 scrolls of torment
 x - 2 scrolls of summoning
 z - 5 scrolls of blinking
 C - 9 scrolls of vulnerability
 I - a scroll of acquirement
 J - 2 scrolls of fear
Potions
 a - 2 potions of brilliance
 b - 3 potions of flight
 d - a potion of might
 e - 8 potions of attraction
 f - 3 potions of lignification
 h - 3 potions of haste
 n - a potion of resistance
 o - 3 potions of magic
 q - 5 potions of curing
 w - a potion of heal wounds
 B - 2 potions of mutation
 D - a potion of cancellation
 O - 2 potions of ambrosia
Miscellaneous
 H - a condenser vane (inert)
   (You found it on level 5 of the Lair of Beasts)
 L - a phantom mirror
   (You found it on level 5 of the Lair of Beasts)
 M - a box of beasts (inert)
   (You found it on level 14 of the Dungeon)
 N - a lightning rod (inert)
   (You found it on level 14 of the Dungeon)


   Skills:
 - Level 8.0 Fighting
 - Level 10.0 Dodging
 - Level 7.0 Stealth
 - Level 11.4(14.0) Unarmed Combat
 - Level 12.0 Spellcasting
 - Level 5.8 Hexes
 - Level 4.5(7.0) Necromancy
 + Level 7.5(10.2) Transmutations
 - Level 15.5(19.4) Ice Magic
 + Level 6.3(10.2) Air Magic
 - Level 1.0 Invocations
 - Level 3.6(6.0) Evocations


You had 9 spell levels left.
You knew the following spells:

 Your Spells              Type           Power      Damage    Failure   Level
a - Slow                  Hex            88%        N/A       1%          1
b - Ozocubu's Refrigerat  Ice            36%        4d12      2%          7
c - Ozocubu's Armour      Ice            72%        N/A       0%          3
d - Frozen Ramparts       Ice            100%       1d12      0%          3
e - Simulacrum            Ice/Necr       29%        N/A       6%          6
f - Storm Form            Tmut/Air       17%        N/A       75%         7

Your spell library contained the following spells:

 Spells                   Type           Power      Damage    Failure   Level
 Freeze                   Ice            100%       1d11      0%          1
 Necrotise                Necr           100%       1d9       1%          1
 Airstrike                Air            17%        0-6+      1%          4
 Hailstorm                Conj/Ice       49%        3d11      1%          4
 Metabolic Englaciation   Hex/Ice        28%        N/A       1%          5
 Dispel Undead            Necr           26%        3d13      4%          4
 Summon Small Mammal      Summ           32%        N/A       8%          1
 Inner Flame              Hex/Fire       16%        N/A       8%          3
 Apportation              Tloc           14%        N/A       9%          1
 Magic Dart               Conj           28%        1d4       9%          1
 Corpse Rot               Necr/Pois/Air  23%        N/A       9%          4
 Summon Lightning Spire   Summ/Air       21%        N/A       11%         4
 Blink                    Tloc           14%        N/A       14%         2
 Searing Ray              Conj           14%        2d5       14%         2
 Lesser Beckoning         Tloc           7%         N/A       26%         3
 Fulminant Prism          Conj/Hex       7%         3d7       26%         4
 Lightning Bolt           Conj/Air       10%        1d23      30%         5
 Death Channel            Necr           13%        N/A       61%         6
 Fireball                 Conj/Fire      4%         3d4       92%         5
 Iskenderun's Battlesphe  Conj           7%         2d6       94%         5
 Manifold Assault         Tloc           7%         N/A       94%         5
 Iron Shot                Conj/Erth      4%         9d2       100%        6
 Starburst                Conj/Fire      4%         6d3       100%        6
 Summon Cactus Giant      Summ           4%         N/A       100%        6
 Spellforged Servitor     Conj/Summ      4%         N/A       100%        7
 Ignition                 Fire           4%         3d4       100%        8
 Maxwell's Capacitive Co  Air            17%        ∞         100%        8


Dungeon Overview and Level Annotations

Branches:
Dungeon (14/15) Zot: 26182  Temple (1/1) D:7 Zot: 5712    Lair (5/5) D:8 Zot: 17897
 Spider (2/4) Lair:2 Zot: 14162   Slime (0/5) Lair:4          Orc (2/2) D:9 Zot: 9539
    Elf (0/3) Orc:2        Vaults (0/5) D:14        Ossuary (visited)
  IceCv (visited)         Volcano (visited)         Gauntlet (visited)
  Swamp: Lair:2-3    Shoals: Lair:2-3

Altars:
Ashenzari
Cheibriados
Dithmenos
Elyvilon
Fedhas
Gozag
Hepliaklqana
Kikubaaqudgha
Makhleb
Nemelex Xobeh
Okawaru
Qazlal
Ru
Sif Muna
Trog
Uskayaw
Vehumet
Wu Jian
Xom
Yredelemnul
Zin
The Shining One
Jiyva

Shops:
D:4 *   D:5 (   Orc:2 (*!*([:*[

Annotations:
D:4 Eustachio
D:8 Erica
D:9 2 transporters, exclusion: ice statue, Gastronok; ejfbekj's ghost, novice SpEn
D:10 exclusion: troll, ouz's ghost, novice VSBr
D:11 exclusion: death knight
D:12 Frances
D:14 exclusion: boulder beetle
Lair:2 exclusion: hydra
Lair:3 1 runed translucent door, exclusion: catoblepas, hackon's ghost, journeyman OgFE
Spider:2 exclusion: spark wasp
Orc:1 Destapler's ghost, journeyman TrBe


Innate Abilities, Weirdness & Mutations

You have sharp claws.
You have razor-sharp teeth.
You have supernaturally acute eyesight. (SInv)
You cover ground quickly. (Speed+)
Your thick and shaggy fur keeps you warm. (AC +3, rC+)
Your paws help you pounce on unaware monsters.
You are incapable of wielding weapons or throwing items.
You cannot wear armour.
You gain extra lives every three experience levels.


Message History

The heat is drained from your surroundings.
You feel very cold.
The demonic crawlers are frozen.
The demonic crawler resists.
The demonic crawler is almost dead.
The demonic crawler resists.
The demonic crawler is severely wounded.
The demonic crawler misses you. The demonic crawler hits you!
The demonic crawler closely misses you.
The demonic crawler hits you but does no damage.
The demonic crawler hits you!
The demonic crawler completely misses you.
Casting: Ozocubu's Refrigeration (quite dangerous; 2% risk of failure)
Confirm with . or Enter, or press ? or * to list all spells.
The spell is quite dangerous to miscast (2% risk of failure)!
Continue anyway?
You feel a surge of power!
The heat is drained from your surroundings.
You feel very cold.
The demonic crawlers are frozen.
The demonic crawler resists.
You kill the demonic crawler!
The demonic crawler resists.
The demonic crawler is severely wounded.
The demonic crawler closely misses you.
The demonic crawler completely misses you. x2
Unknown command.
The demonic crawler gives a hideous shriek!
The demonic crawler shrieks in warning!
The demonic crawler shrieks in warning!
The demonic crawler attacks as you move away!
The demonic crawler completely misses you.
The demonic crawler closely misses you. The demonic crawler hits you!
The demonic crawler attacks as you move away!
The demonic crawler completely misses you. x2
The demonic crawler misses you.
The demonic crawler shrieks in warning!
The demonic crawler attacks as you move away!
The demonic crawler completely misses you. x2
The demonic crawler closely misses you.
The demonic crawler shrieks in warning!
Aiming: Thunderbolt
Press: ? - help, Shift-Dir - straight line, f - demonic crawler
Aim: a demonic crawler (severely wounded, catching its breath)
The thunderbolt hits the demonic crawler.
The demonic crawler resists.
The demonic crawler is severely wounded.
The demonic crawler shrieks in warning!
Unknown command.
The demonic crawler attacks as you move away!
The demonic crawler hits you!
* * * LOW HITPOINT WARNING * * *
The demonic crawler misses you. The demonic crawler hits you!
* * * LOW HITPOINT WARNING * * *
You can drink potions again.
You feel much better.
The demonic crawler completely misses you.
The demonic crawler hits you!
* * * LOW HITPOINT WARNING * * *
The demonic crawler closely misses you.
Blink to where?
Press: ? - help, Dir - move target, p - demonic crawler
As you read the scroll of blinking, it crumbles to dust.
The demonic crawler shrieks in warning!
You are caught in the web!
There is a web here.
You disentangle yourself.
The demonic crawler shrieks in warning!
You are caught in the web!
There is a web here.
You struggle to detach yourself from the web.
You struggle to detach yourself from the web.
You struggle to detach yourself from the web.
You disentangle yourself.
The demonic crawler shrieks in warning!
There is a stone staircase leading up here.
Casting: Ozocubu's Refrigeration (quite dangerous; 2% risk of failure)
Confirm with . or Enter, or press ? or * to list all spells.
The spell is quite dangerous to miscast (2% risk of failure)!
Continue anyway?
You feel a surge of power!
The heat is drained from your surroundings.
You feel very cold.
The demonic crawler is frozen.
The demonic crawler resists.
The demonic crawler is almost dead.
The demonic crawler completely misses you.
The demonic crawler misses you. The demonic crawler hits you.
* * * LOW HITPOINT WARNING * * *
Aiming: Thunderbolt
Press: ? - help, Shift-Dir - straight line, f - demonic crawler
Aim: a demonic crawler (almost dead)
The thunderbolt hits the demonic crawler.
The demonic crawler resists.
The demonic crawler is almost dead.
The demonic crawler shrieks in warning!
Aiming: Thunderbolt
Press: ? - help, Shift-Dir - straight line, f/p - demonic crawler
Aim: a demonic crawler (almost dead, catching its breath)
The thunderbolt hits the demonic crawler.
The demonic crawler resists.
The demonic crawler is almost dead.
The lightning rod overheats!
The demonic crawler hits you!
* * * LOW HITPOINT WARNING * * *
The demonic crawler closely misses you. The demonic crawler hits you!
You die...

########.....#....##.#####
#########....#....#.^#####
####.#....#....^..#.######
####.##...#.^..#####..####
##......#####.....#....###
###......#...####..###..###
###^.^#....#..#..##.##....##
######.##..^####....####^...##
#....###..##s@########.......#
####........(#.#########........
######.....#######...#####......
#####.......######..##...#.^....
#######........#.........###....
###..^........^#...........##..#
##..#..............#.......#...#
#..#####......s..>.#......^##..#
#..#.###....#....###.....).#...#


You could see a demonic crawler (catching breath).

Vanquished Creatures
  An orc warlord (Orc:2)
  An entropy weaver (Spider:1)
  Josephine (D:12)
  3 hydras
  5 boulder beetles
  A jorogumo (Spider:2)
  A catoblepas (Lair:2)
  3 centaur warriors
  A radroach (Spider:1)
  A dancing weapon (D:14)
  3 two-headed ogres
  2 tengu warriors
  11 death yaks (Lair:5)
  5 orc high priests
  3 pharaoh ants
  Lodul (D:12)
  2 steelbarb worms (Spider:2)
  A sun moth (Spider:1)
  2 orb spiders (Spider:1)
  11 wolf spiders
  A deep elf pyromancer (D:13)
  5 orc knights (Orc:2)
  5 ugly things
  4 cyclopes
  2 orc sorcerers (Orc:1)
  A manticore (D:12)
  A moth of wrath (Spider:2)
  4 elephants (Lair:4)
  2 black mambas (Lair:5)
  Joseph (D:8)
  15 cane toads
  A rime drake (Lair:4)
  2 torpor snails
  11 komodo dragons
  2 unseen horrors (D:11)
  7 demonic crawlers
  3 tengu conjurers
  4 polar bears
  16 tarantellas
  6 trolls
  4 tyrant leeches (Lair:5)
  3 meliai (Spider:2)
  18 slime creatures
  19 blink frogs
  7 dream sheep (Lair:5)
  6 jumping spiders
  6 culicivoras
  29 yaks
  A shadow (D:11)
  2 spriggans (Lair:2)
  11 wraiths
  9 wyverns
  A fire elemental (Volcano)
  5 vampire mosquitoes
  2 basilisks
  A steam dragon (D:9)
  14 redbacks
  5 acid dragons
  3 swamp worms (Lair:2)
  6 wargs
  11 water moccasins
  2 hell hounds (Lair:1)
  35 orc warriors
  2 ice beasts (D:4)
  A sky beast (D:7)
  3 black bears
  17 ogres
  2 centaurs
  18 wolves
  A phantom (D:5)
  3 kobold brigands
  2 gnoll sergeants
  A scorpion (D:6)
  26 bullfrogs
  2 necrophages (D:5)
  10 killer bees
  3 howler monkeys
  2 electric eels
  16 orc priests
  2 jellies
  6 hounds
  An iguana (Lair:2)
  19 orc wizards
  4 mummies
  Robin (D:3)
  5 adders
  11 gnolls
  2 shadow imps
  A dart slug (D:5)
  74 orcs
  6 ball pythons
  6 bats
  5 endoplasms
  2 giant cockroaches (D:3)
  15 goblins
  7 hobgoblins
  2 jackals (D:3)
  2 quokkas
  A frilled lizard (D:1)
  17 kobolds
  A kobold zombie (D:8)
  4 rats
655 creatures vanquished.

Vanquished Creatures (collateral kills)
  A cyclops (D:14)
  A white imp (Spider:2)
2 creatures vanquished.

Vanquished Creatures (others)
  A komodo dragon (D:8)
  A jelly (D:8)
  100 fungi
  126 plants
228 creatures vanquished.

Grand Total: 885 creatures vanquished

Notes
Turn   | Place    | Note
-------+----------+-------------------------------------------
     0 | D:1      | Flugkiller the Felid Wanderer began the quest for the Orb.
     0 | D:1      | Flugkiller set off with the following items: a potion of
                  | brilliance, a scroll of butterflies, a potion of
                  | attraction, a potion of heal wounds; and the following
                  | spell memorised: Slow; and the following spells available
                  | to memorise: Inner Flame.
     0 | D:1      | Reached XP level 1. HP: 9/9 MP: 3/3
   107 | D:1      | Reached skill level 1 in Stealth
   634 | D:2      | Reached XP level 2. HP: 12/12 MP: 2/4
   997 | D:2      | Reached XP level 3. HP: 12/15 MP: 5/5
  1569 | D:2      | Identified the +2 war axe "Dealerch" {protect, SInv}
  2555 | D:3      | Reached XP level 4. HP: 19/19 MP: 4/6
  3362 | D:3      | Noticed Robin
  3454 | D:3      | Killed Robin
  3482 | D:3      | Reached skill level 5 in Unarmed Combat
  4301 | D:4      | Noticed Eustachio
  4601 | D:4      | Reached skill level 1 in Dodging
  4745 | D:4      | Reached XP level 5. HP: 22/22 MP: 5/7
  4835 | D:4      | Found Ixtullu Hiwn's Overcharged Wands.
  4880 | D:4      | Noticed an ogre
  5407 | D:5      | Entered Level 5 of the Dungeon
  5459 | D:5      | Noticed an ice beast
  6074 | D:5      | Found Soym's Weapon Shoppe.
  6883 | D:5      | Noticed a phantom
  6978 | D:5      | Noticed an ice beast
  7122 | D:5      | Gained mutation: You are covered in thick fur. (AC +2)
                  | [Felid growth]
  7122 | D:5      | Reached XP level 6. HP: 25/25 MP: 5/8
  7210 | D:5      | Reached skill level 5 in Dodging
  7738 | D:5      | HP: 1/27 [ice beast (10)]
  8102 | D:4      | Killed an ice beast
  8103 | D:4      | Reached XP level 7. HP: 24/31 MP: 9/9
  8742 | D:6      | Noticed a yak
  8742 | D:6      | Noticed a yak
  8769 | D:6      | Noticed a yak
  8772 | D:6      | Noticed a yak
  8774 | D:6      | Noticed a yak
  8774 | D:6      | Noticed a yak
  9299 | D:5      | Found Soym's Weapon Shoppe.
  9414 | D:5      | Killed a yak
 10506 | D:5      | Found Soym's Weapon Shoppe.
 10742 | D:5      | Killed a yak
 10743 | D:5      | Reached XP level 8. HP: 21/36 MP: 7/10
 11351 | D:5      | Found Soym's Weapon Shoppe.
 11928 | D:5      | Found Soym's Weapon Shoppe.
 12546 | D:5      | Found Soym's Weapon Shoppe.
 13237 | D:5      | Found Soym's Weapon Shoppe.
 14102 | D:6      | Reached skill level 10 in Unarmed Combat
 14463 | D:7      | Reached XP level 9. HP: 9/39 MP: 9/11
 15471 | D:7      | Reached skill level 5 in Fighting
 15565 | D:7      | Found a staircase to the Ecumenical Temple.
 15577 | Temple   | Entered the Ecumenical Temple
 15912 | Temple   | Became a worshipper of Ashenzari the Shackled
 16261 | D:8      | Noticed Joseph
 16326 | D:8      | Reached skill level 1 in Evocations
 16335 | D:8      | Found a sand-covered staircase.
 16357 | D:8      | Noticed a komodo dragon
 16387 | D:8      | Noticed Erica
 16432 | D:8      | Reached * piety under Ashenzari
 16432 | D:8      | Reached ** piety under Ashenzari
 16456 | Ossuary  | Entered an ossuary
 17085 | D:7      | Reached skill level 1 in Ice Magic
 17492 | D:8      | Killed a komodo dragon
 17505 | D:8      | Found a staircase to the Lair.
 17773 | D:7      | Reached skill level 5 in Stealth
 18304 | D:8      | Reached skill level 2 in Ice Magic
 18895 | D:8      | Reached skill level 3 in Ice Magic
 19719 | D:9      | Noticed Gastronok
 19807 | D:8      | Killed Joseph
 19808 | D:8      | Reached skill level 4 in Ice Magic
 19808 | D:8      | Reached XP level 10. HP: 10/44 MP: 12/12
 20465 | D:9      | Found a transporter.
 20721 | D:9      | Noticed a rakshasa
 20737 | D:9      | Reached *** piety under Ashenzari
 20737 | D:9      | Reached **** piety under Ashenzari
 20754 | D:9      | Found a transporter.
 20757 | D:9      | Noticed ejfbekj's ghost (novice SpEn)
 20798 | D:9      | Noticed an ice statue
 20831 | D:9      | Found a staircase to the Orcish Mines.
 20882 | D:10     | Entered Level 10 of the Dungeon
 20968 | D:10     | Found a hazy altar of Hepliaklqana.
 21252 | D:10     | Reached ***** piety under Ashenzari
 21252 | D:10     | Reached ****** piety under Ashenzari
 21257 | D:10     | Learned a level 3 spell: Ozocubu's Armour
 21356 | D:10     | Noticed a two-headed ogre
 21450 | D:10     | Found a radiant altar of Vehumet.
 21991 | D:10     | Found a runed translucent gate.
 21992 | D:10     | Noticed ouz's ghost (novice VSBr)
 21992 | D:10     | Found a runed translucent gate.
 21993 | D:10     | Found a runed translucent gate.
 22572 | D:10     | Identified the +1 buckler of Optimism {MP+9}
 22601 | D:11     | Noticed a death knight
 22715 | D:11     | Reached skill level 5 in Ice Magic
 22966 | D:11     | Noticed a five-headed hydra
 23322 | D:11     | Noticed a centaur warrior
 23489 | D:11     | Found a stormy altar of Qazlal.
 23798 | Lair:1   | Entered Level 1 of the Lair of Beasts
 23834 | Lair:1   | HP: 2/44 [wolf (9)]
 23856 | Lair:1   | Reached skill level 6 in Ice Magic
 23869 | Lair:1   | Learned a level 7 spell: Ozocubu's Refrigeration
 23885 | Lair:1   | Found a dark tunnel.
 24038 | Volcano  | Entered a volcano
 24046 | Volcano  | Reached skill level 10 in Ice Magic
 24046 | Volcano  | Reached XP level 11. HP: 39/47 MP: 18/18
 24103 | Volcano  | Found the +3 pair of seven-league boots {Rampage+∞}
 24119 | Volcano  | Killed from afar by an efreet
 24120 | Volcano  | Reached XP level 10. HP: -9/44 MP: 17/17
 24233 | Lair:1   | Noticed a five-headed hydra
 24425 | Lair:1   | Reached XP level 11. HP: 47/47 MP: 19/19
 24644 | Lair:1   | Reached skill level 5 in Spellcasting
 24920 | Lair:1   | Identified Sif Muna's Lectures on Congelation and Creation
 25249 | Lair:1   | Reached skill level 11 in Ice Magic
 25608 | Lair:1   | Noticed a boulder beetle
 25685 | Lair:1   | Learned a level 3 spell: Frozen Ramparts
 27048 | Lair:2   | Noticed a catoblepas
 27073 | Lair:2   | Reached skill level 12 in Ice Magic
 28035 | Lair:2   | Noticed a five-headed hydra
 28245 | Lair:3   | Reached skill level 13 in Ice Magic
 28245 | Lair:3   | Gained mutation: Your thick and shaggy fur keeps you warm.
                  | (AC +3, rC+) [Felid growth]
 28245 | Lair:3   | Reached XP level 12. HP: 22/51 MP: 13/20
 28482 | Lair:3   | Found a runed translucent door.
 28483 | Lair:3   | Identified the +0 fire dragon scales of Cheibriados's
                  | Respect {rF++ rC- Will+ MP+9 Str+3}
 28485 | Lair:3   | Noticed hackon's ghost (journeyman OgFE)
 28495 | Lair:3   | Noticed a five-headed hydra
 29014 | Lair:3   | Noticed a catoblepas
 29621 | Lair:3   | Killed a five-headed hydra
 30113 | Lair:4   | Found a gate leading to a gauntlet.
 30124 | Gauntlet | Entered a Gauntlet
 30124 | Gauntlet | Found a transporter.
 30124 | Gauntlet | Found a transporter.
 30134 | Gauntlet | Found a transporter.
 30138 | Gauntlet | Found a transporter.
 30146 | Gauntlet | Found a transporter.
 30150 | Gauntlet | Found a transporter.
 30158 | Gauntlet | Found a transporter.
 30158 | Gauntlet | Identified the +9 battleaxe "Teteirai" {spect, Int+5}
 30174 | Gauntlet | Found a transporter.
 30175 | Gauntlet | Identified the +0 pair of boots "Bisett" {Harm Regen+ Str-2
                  | SInv}
 30177 | Gauntlet | Noticed a green death
 30188 | Gauntlet | Found a transporter.
 30192 | Gauntlet | Found a transporter.
 30200 | Gauntlet | Found a transporter.
 30204 | Gauntlet | Found a transporter.
 30204 | Gauntlet | Noticed a tengu warrior
 30871 | Lair:4   | Found a staircase to the Slime Pits.
 30873 | Lair:4   | Found a viscous altar of Jiyva.
 31923 | Lair:5   | Entered Level 5 of the Lair of Beasts
 31923 | Lair:5   | Identified the +6 rapier of Intimidation {venom, rN+}
 32261 | Lair:5   | Noticed a death yak
 32311 | Lair:5   | Reached skill level 14 in Ice Magic
 32770 | Lair:5   | Reached XP level 13. HP: 51/57 MP: 10/23
 33207 | Lair:5   | Identified a scroll of acquirement
 33207 | Lair:5   | Identified the +2 leather armour "Roowoclish" {rElec Regen+
                  | MP+9 Dex-3}
 33343 | Lair:5   | Reached skill level 15 in Ice Magic
 34777 | Lair:5   | Identified the ring of Osoureh {Ice Dex+4 SInv}
 37888 | D:12     | Identified the +8 great mace "Guoles" {venom, rC+ rCorr
                  | Dex+7}
 37896 | D:12     | Noticed Lodul
 37902 | D:12     | Killed Lodul
 38040 | D:12     | Reached skill level 10 in Spellcasting
 38133 | D:12     | Reached XP level 14. HP: 30/61 MP: 17/29
 38942 | D:12     | Noticed Frances
 39199 | D:12     | Noticed Josephine
 39202 | D:12     | Killed Josephine
 40400 | D:13     | Found a sparkling altar of Nemelex Xobeh.
 40981 | Orc:1    | Entered Level 1 of the Orcish Mines
 41488 | Orc:1    | Found a runed translucent gate.
 41488 | Orc:1    | Found a runed translucent gate.
 41488 | Orc:1    | Found a runed translucent gate.
 41494 | Orc:1    | Noticed Destapler's ghost (journeyman TrBe)
 42061 | Orc:2    | Entered Level 2 of the Orcish Mines
 42061 | Orc:2    | Found a staircase to the Elven Halls.
 42071 | Orc:1    | Learned a level 6 spell: Simulacrum
 42074 | Orc:2    | Found Futheneos's General Store.
 42075 | Orc:2    | Found Lesibb's Assorted Antiques.
 42075 | Orc:2    | Noticed an orc warlord
 42078 | Orc:2    | Reached skill level 1 in Necromancy
 42080 | Orc:2    | Killed an orc warlord
 42452 | Orc:2    | Found Zilyihilu's Antique Weapon Boutique.
 42732 | Orc:2    | Found Igimem's Book Shoppe.
 42796 | Orc:2    | Found Otosyipp's Distillery.
 43269 | Orc:2    | Found Taisiapi's Antique Armour Boutique.
 43321 | Orc:2    | Found Ihoezu's Antique Armour Emporium.
 43322 | Orc:2    | Found Jishrefy's Assorted Antiques.
 43355 | Orc:2    | Bought a potion of heal wounds for 135 gold pieces
 43581 | Orc:2    | Found Xefajitt's Antique Weapon Emporium.
 43671 | Orc:2    | Bought a book of the Sky for 660 gold pieces
 43679 | Orc:2    | Learned a level 7 spell: Storm Form
 44008 | D:14     | Found a gate to the Vaults.
 44027 | D:14     | Mangled by a +5 long sword
 44028 | D:14     | Reached XP level 13. HP: -7/58 MP: 30/30
 44085 | D:14     | Identified the +5 scale mail "Juclao" {MP+9 Str+4 Dex+4}
 44091 | D:14     | Reached skill level 1 in Transmutations
 44339 | D:14     | Reached skill level 10 in Dodging
 44339 | D:14     | Reached skill level 1 in Air Magic
 44445 | D:14     | Reached XP level 14. HP: 63/63 MP: 15/31
 45008 | Lair:2   | Found a hole to the Spider Nest.
 45116 | Spider:1 | Entered Level 1 of the Spider Nest
 46489 | Spider:1 | Reached skill level 5 in Transmutations
 47029 | Spider:2 | Reached skill level 5 in Air Magic
 47448 | Spider:2 | Found a frozen archway.
 47462 | IceCv    | Entered an ice cave
 47768 | Spider:2 | Paralysed by a jorogumo for 1 turns
 47977 | Spider:1 | Slain by a tarantella
 47978 | Spider:1 | Reached XP level 13. HP: -4/57 MP: 16/30
 48080 | Spider:1 | Upgraded the game from 0.29-a0-909-g30c7767f5c to
                  | 0.29-a0-914-g906f1d757c
 49116 | Spider:2 | Noticed a spark wasp
 49215 | Spider:2 | Mangled by a demonic crawler

Illustrated notes

Levels and vault maps discovered:
D:1:      dpeg_arrival_simpleton_b, layout_loops_ring,
          minmay_misc_feat_four_crosses, minmay_misc_feat_iff,
          hangedman_decor_slide_cut, corexii_hall_statues_l
D:2:      layout_loops_cross
D:3:      kennysheep_goblin_castle, layout_loops_corners,
          chequers_serial_rivers_small_b
D:4:      layout_loops_ring, nicolae_shop_overcharged_wands, uniq_eustachio
D:5:      layout_gridville, serial_shops, shop
D:6:      layout_cave_pods
D:7:      layout_gridville, minmay_temple_entry_gardened_gates
D:8:      lemuel_ice_spiral_2, layout_basic, grunt_lair_entry_orc_guard_hut,
          nicolae_ossuary_entry_giza, uniq_erica, uniq_joseph
D:9:      layout_cave_pools, orc_0_dummy, nzn_ghost_randoct, minmay_misc_feat_x,
          uniq_gastronok
D:10:     layout_long_grid, minitemple, biasface_ghost_orc_armoury,
          hangedman_corner_corridor
D:11:     layout_roguey, nicolae_qazlal_eye_of_the_storm
D:12:     layout_rooms, uniq_frances, uniq_lodul, uniq_josephine
D:13:     layout_roguey, nemelex_spade_bored_becter
D:14:     minmay_the_grid_square_5x5_3x3 [minmay_the_grid_square_5x5_checkered,
          minmay_the_grid_square_5x5_six_small,
          minmay_the_grid_square_5x5_doubleslash,
          minmay_the_grid_square_5x5_bridge,
          minmay_the_grid_square_5x5_megaprize_hollow,
          minmay_the_grid_square_5x5_mess, minmay_the_grid_square_5x5_corner,
          minmay_the_grid_square_5x5_c, minmay_the_grid_square_5x5_two_walls_a],
          layout_layer_cave, erik_vaults_1, kennysheep_nondescript
Temple:   mainiacjoe_temple_cubbyholes
Lair:1:   layout_misc_corridors, enter_volcano_3, st_stairs_6
Lair:2:   layout_regular_city, palyth_hydra_swamp_entry,
          spider_nest_entry_funnel_web, st_stairs_13, forest_entry_grove,
          serial_bayou_shore_a
Lair:3:   layout_cave_pods, ebering_ghost_inner_flame, grunt_megastairs_1
Lair:4:   layout_gridlike, minmay_slime_entry_pillars, gauntlet_entry_generic
Lair:5:   minmay_lair_end_frog_pond, layout_regular_city
Spider:1: layout_spider_delve, nicolae_spider_some_kinda_spiderbox
Spider:2: layout_spider_delve, portal_ice_cave_entry_pillars_2,
          nicolae_crawler_farm
Orc:1:    layout_caves, special_room [special_room_orc],
          ebering_ghost_rock_garden
Orc:2:    grunt_orc_gardens, layout_diamond_mine, grunt_orc_garden,
          grunt_orc_garden, grunt_orc_garden, grunt_orc_garden, serial_shops,
          nicolae_shop_hallway_plus, shop_fountains, nicolae_shop_trees,
          nicolae_shop_hallway_stairs, nicolae_shop_crystal

Skill      XL: |  1  2  3  4  5  6  7  8  9 10 11 12 13 14 |
---------------+-------------------------------------------+-----
Stealth        | 2 3 7 |  7.0
Unarmed Combat | 4 5 7 10 11 | 11.4
Dodging        | 2 4 6 8 9 10 | 10.0
Fighting       | 2 3 4 5 7 8 |  8.0
Evocations     | 2 3 |  3.6
Ice Magic      | 4 10 13 14 15 | 15.5
Spellcasting   | 4 5 6 10 12 | 12.0
Necromancy     | 4 |  4.5
Transmutations | 7 6 |  7.5
Air Magic      | 6 5 |  6.3
Hexes          | |  5.8
Invocations    | |  1.0

Action                   |  1- 3 |  4- 6 |  7- 9 | 10-12 | 13-15 || total
-------------------------+-------+-------+-------+-------+-------++-------
Melee: Unarmed           |   105 |   163 |   401 |   553 |   394 ||  1616
       Bite              |     7 |    16 |    57 |    69 |    64 ||   213
       Punch             |     1 |     1 |    15 |    51 |    40 ||   108
 Cast: Slow              |    26 |    47 |   108 |    77 |    19 ||   277
       Ozocubu's Armour  |       |       |       |    23 |     5 ||    28
       Frozen Ramparts   |       |       |       |    56 |     6 ||    62
       Ozocubu's Refrige |       |       |       |     5 |   259 ||   264
       Simulacrum        |       |       |       |       |     3 ||     3
Invok: Curse Item        |       |       |     1 |     2 |     1 ||     4
       Shatter the Chain |       |       |       |       |     1 ||     1
Evoke: Wand              |       |       |       |    12 |    26 ||    38
       Lightning rod     |       |       |       |       |     7 ||     7
       Box of beasts     |       |       |       |       |     1 ||     1
       Phantom mirror    |       |       |       |       |     1 ||     1
       Condenser vane    |       |       |       |       |     1 ||     1
  Use: Scroll            |       |     8 |     8 |     2 |     7 ||    25
       Potion            |       |     2 |     3 |     5 |     4 ||    14
 Stab: Sleeping          |     4 |     3 |     3 |    17 |     3 ||    30
       Distracted        |       |       |       |     1 |     2 ||     3
Armor: Skin              |    12 |     7 |    15 |    22 |    18 ||    74
Dodge: Dodged            |    72 |   125 |   373 |   524 |   379 ||  1473

Table legend: (Time is in decaauts)
 A = Elapsed time spent in this place.
 B = Non-inter-level travel time spent in this place.
 C = Inter-level travel time spent in this place.
 D = Time resting spent in this place.
 E = Time spent auto-exploring this place.
 F = Levels seen in this place.
 G = Mean time per level.
                   A        B        C        D        E       F      G
               +--------+--------+--------+--------+--------+-----+--------+
         Total |  44717 |  43256 |   1461 |  23464 |  10662 |  28 | 1597.0 |
       Dungeon |  25824 |  24764 |   1060 |  12732 |   7171 |  14 | 1844.6 |
        Temple |    287 |    238 |     49 |      0 |    235 |   1 |  287.0 |
          Lair |  12102 |  11834 |    268 |   6922 |   2009 |   5 | 2420.4 |
   Spider Nest |   3837 |   3830 |      7 |   2586 |    526 |   2 | 1918.5 |
  Orcish Mines |   2460 |   2384 |     76 |   1211 |    656 |   2 | 1230.0 |
       Ossuary |     31 |     31 |      0 |     12 |      0 |   1 |   31.0 |
      Ice Cave |      3 |      3 |      0 |      0 |      0 |   1 |    3.0 |
       Volcano |     75 |     75 |      0 |      0 |      0 |   1 |   75.0 |
      Gauntlet |     94 |     94 |      0 |      0 |     64 |   1 |   94.0 |
               +--------+--------+--------+--------+--------+-----+--------+

Top non-repeatable levels by time:
     D:5: 4927 daAuts
  Lair:4: 2686 daAuts
  Lair:1: 2487 daAuts
     D:4: 2461 daAuts
  Lair:2: 2439 daAuts
  Lair:5: 2434 daAuts
     D:8: 2392 daAuts
     D:6: 2154 daAuts
     D:7: 2131 daAuts
  Lair:3: 2053 daAuts
Spider:1: 1940 daAuts
Spider:2: 1896 daAuts
     D:3: 1894 daAuts
    D:11: 1764 daAuts
    D:10: 1763 daAuts
